 Dungeon Crawl Stone Soup version 0.29.1-2-gbd0b4ee654 (webtiles) character file.

Game seed: 8903461658961112055

106 GorkyZ the Shield-Bearer (level 4, 0/28 HPs)
             Began as a Gargoyle Fighter on Nov 30, 2022.
             Slain by a hound (4 damage)
             ... on level 3 of the Dungeon.
             The game lasted 00:06:14 (2959 turns).

GorkyZ the Shield-Bearer (Gargoyle Fighter)         Turns: 2959, Time: 00:06:15

Health: 0/28       AC: 10    Str: 22    XL:     4   Next: 84%
Magic:  4/4        EV:  9    Int:  8    God:
Gold:   247        SH:  4    Dex:  9    Spells: 3/3 levels left

rFire   . . .      SeeInvis .   a - +0 war axe
rCold   . . .      Faith    .   c - +0 buckler
rNeg    + . .      Spirit   .   b - +0 scale mail
rPois   ∞          Reflect  .   (no helmet)
rElec   +          Harm     .   (no cloak)
rCorr   .          Rampage  .   (no gloves)
Will    .....                   (no boots)
Stlth   ..........              (no amulet)
HPRegen 0.09/turn               (no ring)
MPRegen 0.09/turn               (no ring)

@: no status effects
A: sickness immunity, AC +3, negative energy resistance 1, electricity
resistance, torment resistance 1, petrification resistance
a: no special abilities


You were on level 3 of the Dungeon.
You visited 1 branch of the dungeon, and saw 4 of its levels.

You collected 247 gold pieces.

Inventory:

Hand Weapons
 a - a +0 war axe (weapon)
 u - the +3 whip of Dahoc {elec, rC+ rCorr Int+4}
   (You found it on level 3 of the Dungeon)

   It occasionally discharges a powerful burst of electricity upon striking a
   foe.
   Int:       It affects your intelligence (+4).
   rC:        It protects you from cold.
   rCorr:     It protects you from acid and corrosion.
Missiles
 m - 5 javelins (quivered)
Armour
 b - a +0 scale mail (worn)
 c - a +0 buckler (worn)
Jewellery
 h - a ring of ice
Scrolls
 g - 3 scrolls of teleportation {unknown}
 i - a scroll of summoning {unknown}
 l - 2 scrolls of poison {unknown}
 o - 2 scrolls of identify {unknown}
 r - a scroll of brand weapon {unknown}
 t - a scroll of blinking {unknown}
 v - a scroll of magic mapping {unknown}
Potions
 d - a potion of might
 e - a potion of heal wounds {unknown}
 f - a potion of haste {unknown}
 j - a potion of ambrosia {unknown}
 k - 2 potions of degeneration {unknown}
 n - a potion of curing {unknown}
 p - a potion of magic {unknown}
 q - a potion of invisibility {unknown}
 s - a potion of mutation {unknown}
 w - a potion of cancellation {unknown}


   Skills:
 - Level 3.6 Fighting
 + Level 3.2 Axes
 - Level 0.6 Throwing
 - Level 3.5 Armour
 - Level 0.8 Dodging
 - Level 3.6 Shields
 - Level 0.8 Evocations


You had 3 spell levels left.
You didn't know any spells.
Your spell library was empty.

Dungeon Overview and Level Annotations

Branches:
Dungeon (4/15)
 Temple: D:4-7

Altars:
Uskayaw


Innate Abilities, Weirdness & Mutations

You are immune to sickness and miasma.
Your stone body is resilient. (AC +3)
You are immune to poison.
You resist negative energy. (rN+)
You are resistant to electric shocks. (rElec)
You are resistant to unholy torment.
You are immune to petrification.


Message History

The hound attacks as you move away! The hound bites you but does no damage.
The hound attacks as you move away! The hound misses you. The hound bites you.
* * * LOW HITPOINT WARNING * * *
You block the hound's attack. The hound attacks as you move away!
The hound bites you but does no damage. x2
The hound bites you but does no damage. The hound attacks as you move away!
The hound bites you but does no damage. The hound closely misses you.
There is a stone staircase leading up here.
The hound barely misses you.
You climb upwards.
There is a stone staircase leading down here.
You barely miss the hound.
The hound is moderately wounded.
The hound bites you but does no damage. The hound barely misses you.
You closely miss the hound.
The hound is moderately wounded.
The hound barely misses you. The hound bites you but does no damage.
You barely miss the hound.
The hound is lightly wounded.
You block the hound's attack. The hound bites you but does no damage.
You completely miss the hound.
The hound is lightly wounded.
The hound bites you but does no damage. The hound bites you.
* * * LOW HITPOINT WARNING * * *
You miss the hound.
The hound is lightly wounded.
The hound bites you but does no damage. x2
You closely miss the hound.
The hound is lightly wounded.
The hound barely misses you. You block the hound's attack.
You closely miss the hound.
The hound is lightly wounded.
The hound bites you but does no damage. The hound misses you.
You slash the hound!
The hound is almost dead.
The hound bites you.
* * * LOW HITPOINT WARNING * * *
The hound bites you.
You die...

#.###'##♣~~##.###
#.##♣~~♣#♣♣~'...# ######
##.##~♣♣~♣#♣~#.#.# #.....
....#~♣#♣~♣~♣###.# #######.....
#####♣#♣~~~♣#♣##.#####...........
######♣~♣~♣#♣~#........#####.....
.....#~♣#♣~♣♣~##.....##.........#
.##..'~♣♣#♣~~###........#########
.....##~~♣##'###@....####........
###..######....#h....# #........
..##.................####........
#.###...##.(...#.................
.....#..####.........####........
.....#..#....................^>..
.....#..#.#....##..##############
.....#.........##.#######
............#...<.......#


You could see a hound.

Vanquished Creatures
  3 adders
  3 dart slugs
  10 ball pythons
  9 bats
  4 endoplasms
  3 giant cockroaches
  6 goblins
  9 hobgoblins
  5 quokkas
  5 frilled lizards
  4 kobolds
  7 rats
68 creatures vanquished.

Vanquished Creatures (others)
  A plant (D:3)
1 creature vanquished.

Grand Total: 69 creatures vanquished

Notes
Turn   | Place    | Note
-------+----------+-------------------------------------------
     0 | D:1      | GorkyZ the Gargoyle Fighter began the quest for the Orb.
     0 | D:1      | Reached XP level 1. HP: 14/14 MP: 1/1
   408 | D:1      | Found a faded altar of an unknown god.
   414 | D:1      | Reached XP level 2. HP: 19/19 MP: 2/2
  1054 | D:1      | Reached XP level 3. HP: 22/23 MP: 3/3
  1587 | D:2      | You fall into a shaft and drop 1 floor!
  1892 | D:2      | Reached XP level 4. HP: 24/28 MP: 4/4
  1950 | D:2      | Found a hide-covered altar of Uskayaw.
  2677 | D:3      | Identified the +3 whip of Dahoc {elec, rC+ rCorr Int+4}
  2918 | D:4      | Noticed an ogre
  2959 | D:3      | Slain by a hound

Illustrated notes

Levels and vault maps discovered:
D:1:      dpeg_arrival_arbitrary_a, layout_loops_corners,
          shapermc_ecumenical_altar_pompeii, moated_statue,
          dreamdust_princess_corridor, grunt_decor_junction, minmay_pentomino_z4
D:2:      layout_basic, basic_altar, minmay_circle_x
D:3:      layout_rooms, saegor_snake_ambush
D:4:      kennysheep_spiral_hall, layout_layer_cave, serial_shops, shop,
          uniq_menkaure

Skill      XL: |  1  2  3  4 |
---------------+-------------+-----
Axes           | 2 3 |  3.2
Fighting       | |  3.6
Throwing       | |  0.6
Armour         | |  3.5
Dodging        | |  0.8
Shields        | |  3.6
Evocations     | |  0.8

Action                   |  1- 3 |  4- 6 || total
-------------------------+-------+-------++-------
Melee: War axe           |   134 |    61 ||   195
Armor: Scale mail        |    73 |    48 ||   121
Dodge: Dodged            |    87 |    39 ||   126
Block: Buckler           |    40 |    14 ||    54
